 Dungeon Crawl Stone Soup version 0.27-a0-906-g0a00ce863d (webtiles) character file.

Game seed: 14738592313745454860

1473 SolCadguy the Frost Mage (level 8, -3/55 HPs)
             Began as a Merfolk Ice Elementalist on Apr 8, 2021.
             Blown up by an orc (33 damage)
             ... with a mindburst bolt
             ... on level 6 of the Dungeon.
             The game lasted 00:25:29 (8200 turns).

SolCadguy the Frost Mage (Merfolk Ice Elementalist) Turns: 8200, Time: 00:25:30

Health: -3/55      AC:  6    Str:  8    XL:     8   Next: 78%
Magic:  12/12      EV: 14    Int: 16    God:
Gold:   143        SH:  0    Dex: 15    Spells: 2/13 levels left

rFire    . . .     SeeInvis .   f - +0 trident (flame)
rCold    . . .     Faith    .   (no shield)
rNeg     . . .     Spirit   .   a - +0 robe
rPois    .         Reflect  .   p - +1 helmet
rElec    .         Harm     .   (no cloak)
rCorr    .         Rampage  .   (no gloves)
Will     .....                  o - +1 pair of boots
Stlth    ++........             (no amulet)
HPRegen  0.18/turn              (no ring)
MPRegen  0.13/turn              (no ring)

@: no status effects
A: (nimble swimmer 2), mertail
a: no special abilities


You were on level 6 of the Dungeon.
You visited 1 branch of the dungeon, and saw 6 of its levels.
You also visited: Ossuary.

You collected 143 gold pieces.

Inventory:

Hand Weapons
 e - a +0 dagger
 f - a +0 trident of flaming (weapon)
 k - a +0 spear
Missiles
 c - a throwing net
 j - 114 stones
 l - 22 poisoned darts (quivered)
 m - 38 sling bullets
 v - 9 boomerangs
Armour
 a - a +0 robe (worn)
 o - a +1 pair of boots (worn)
 p - a +1 helmet (worn)
Jewellery
 d - a ring of poison resistance
 h - a ring of magical power
Wands
 i - a wand of mindburst (13)
 s - a wand of random effects (32)
Scrolls
 b - 3 scrolls of identify
 g - a scroll of amnesia
 u - a scroll of teleportation
 y - a scroll of vulnerability
Potions
 n - a potion of invisibility {unknown}
 q - 2 potions of curing
 r - 2 potions of attraction
 t - a potion of flight {unknown}
 w - a potion of heal wounds
 x - a potion of haste {unknown}


   Skills:
 + Level 1.7 Fighting
 - Level 6.6 Polearms
 - Level 5.6 Dodging
 - Level 2.1 Stealth
 - Level 3.2 Spellcasting
 + Level 1.6 Summonings
 + Level 9.4 Ice Magic


You had 2 spell levels left.
You knew the following spells:

 Your Spells              Type           Power      Damage    Failure   Level
a - Freeze                Ice            100%       1d11      1%          1
b - Frozen Ramparts       Ice            66%        1d8       1%          3
c - Ozocubu's Armour      Ice            33%        N/A       1%          3
d - Summon Ice Beast      Ice/Summ       20%        N/A       19%         4

Your spell library contained the following spells:

 Spells                   Type           Power      Damage    Failure   Level
 Hailstorm                Conj/Ice       17%        3d6       26%         4


Dungeon Overview and Level Annotations

Branches:
Dungeon (6/15)            Ossuary (visited)
 Temple: D:4-7

Altars:
Dithmenos
Fedhas
Ru
Zin

Shops:
D:2 *


Innate Abilities, Weirdness & Mutations

((You are quick and stealthy near water. (Stealth+, EV+, Speed+++)))
Your lower body shifts to a powerful aquatic tail in water.


Message History

No target in view!
No target in view!
No target in view!
No target in view!
No target in view!
No target in view!
No target in view!
There is an open door here.
You start resting.
HP restored.
Unknown command.
Unknown command.
Casting: Ozocubu's Armour (safe; 1% risk of failure)
Confirm with . or Enter, or press ? or * to list all spells.
Okay, then.
There is a gate leading back out of this place here.
Welcome back to the Dungeon!
There is a collapsed entrance here.
There is an open door here.
You open the door.
There is an open door here.
There is an open door here.
An orc comes into view.
It is wielding a +0 short sword, quivering poisoned darts and carrying a wand of mindburst (4).
The orc shouts!
You reach to attack!
You barely miss the orc.
The orc zaps a wand.
Your mind is blasted!
You reach to attack!
You hit the orc. You burn the orc.
The orc is almost dead.
You closely miss the orc.
The orc is almost dead.
A centaur zombie comes into view.
The orc hits you with a +0 short sword.
You closely miss the orc.
The orc is almost dead.
The orc hits you but does no damage.
You barely miss the orc.
The orc is almost dead.
The orc zaps a wand.
Your mind is blasted!
Ouch! That really hurt!
You die...

z# ..> # (. # . .# .#
.##.##.### ..#.....
##########...#.#
#......@o......#
#.########...### #.# ##.##
#.# #)# # #.# #.## #.####
#..# #####
#.#.'#######'#######....
#...#...#...#........##.
####.##...#.>.###########.


You could see an orc.

Vanquished Creatures
  A black bear (D:5)
  A necrophage (D:5)
  2 ogres
  A phantom (D:5)
  An elf zombie (Ossuary)
  A scorpion (D:5)
  A wight (D:6)
  A howler monkey (D:6)
  3 centaur zombies
  A jelly (D:5)
  2 hounds (D:4)
  An orc priest (D:5)
  A human zombie (Ossuary)
  A bullfrog skeleton (D:5)
  2 iguanas
  2 orc wizards (D:5)
  Natasha (thrice) (D:2)
  2 hound skeletons
  Robin (D:2)
  2 mummies (Ossuary)
  A howler monkey zombie (D:5)
  6 gnolls (D:2)
  2 howler monkey skeletons (D:5)
  10 adders
  2 ufetubi
  An adder skeleton (D:4)
  An adder zombie (Ossuary)
  A worm (D:2)
  4 dart slugs
  11 orcs
  3 ball pythons
  5 endoplasms
  2 giant cockroaches (D:1)
  17 goblins
  5 hobgoblins
  11 jackals
  4 quokkas
  6 bats
  4 frilled lizards
  11 hobgoblin zombies (Ossuary)
  2 jackal zombies (Ossuary)
  5 kobolds
  10 kobold zombies (Ossuary)
  8 orc zombies (Ossuary)
  A quokka skeleton (D:4)
  4 rats
  A rat zombie (Ossuary)
168 creatures vanquished.

Notes
Turn   | Place    | Note
-------+----------+-------------------------------------------
     0 | D:1      | SolCadguy the Merfolk Ice Elementalist began the quest for
                  | the Orb.
     0 | D:1      | Reached XP level 1. HP: 13/13 MP: 3/3
   316 | D:1      | Reached XP level 2. HP: 19/19 MP: 1/5
   443 | D:1      | Reached skill level 5 in Ice Magic
  1151 | D:1      | Reached XP level 3. HP: 22/24 MP: 4/6
  1155 | D:1      | Learned a level 3 spell: Frozen Ramparts
  1544 | D:2      | Found Xolazuyt's General Store.
  1760 | D:2      | Reached skill level 6 in Ice Magic
  2011 | D:2      | Reached XP level 4. HP: 15/30 MP: 3/7
  2157 | D:2      | Learned a level 3 spell: Ozocubu's Armour
  2306 | D:2      | Reached skill level 1 in Polearms
  2412 | D:2      | Noticed Robin
  2413 | D:2      | Noticed Natasha
  2423 | D:2      | Killed Natasha
  2424 | D:2      | Reached XP level 5. HP: 22/35 MP: 2/8
  2444 | D:2      | HP: 1/35 [gnoll/+0 spear (6)]
  2451 | D:2      | Killed Robin
  2496 | D:2      | Noticed Natasha
  2712 | D:2      | Killed Natasha
  2713 | D:2      | Reached skill level 5 in Polearms
  2769 | D:2      | Noticed Natasha
  2777 | D:2      | Killed Natasha
  2917 | D:2      | Found a shadowy altar of Dithmenos.
  3020 | D:2      | Reached XP level 6. HP: 19/41 MP: 9/9
  3672 | D:3      | Found a blossoming altar of Fedhas.
  3808 | D:3      | Found a faded altar of an unknown god.
  4149 | D:3      | Found a sacrificial altar of Ru.
  4149 | D:3      | Found a glowing silver altar of Zin.
  4881 | D:4      | Reached XP level 7. HP: 42/46 MP: 8/11
  5265 | D:5      | Entered Level 5 of the Dungeon
  5712 | D:5      | Reached skill level 7 in Ice Magic
  5806 | D:5      | Reached skill level 5 in Dodging
  6228 | D:5      | Reached XP level 8. HP: 52/52 MP: 12/12
  6329 | D:5      | Reached skill level 8 in Ice Magic
  7337 | D:5      | Learned a level 4 spell: Summon Ice Beast
  7454 | D:6      | Reached skill level 9 in Ice Magic
  7562 | D:6      | Found a sand-covered staircase.
  7609 | Ossuary  | Entered an ossuary
  7859 | Ossuary  | Reached skill level 1 in Fighting
  7873 | Ossuary  | Reached skill level 1 in Summonings
  8200 | D:6      | Blown up by an orc

Illustrated notes

Levels and vault maps discovered:
D:1:      mrwooster_arrival_statue_2, layout_loops_ring
D:2:      layout_basic, basic_altar, serial_shops, shop, uniq_natasha,
          uniq_robin
D:3:      layout_loops_ring, lemuel_round_altar,
          gammafunk_temple_overflow_elements,
          chequers_ecumenical_altar_simple_redux
D:4:      layout_loops_ring
D:5:      layout_layer_cave
D:6:      layout_loops_ring, kennysheep_little_box,
          grunt_temple_overflow_lords_of_destruction,
          nicolae_ossuary_entry_false_entrances

Skill      XL: |  1  2  3  4  5  6  7  8 |
---------------+-------------------------+-----
Ice Magic      | 5 6 7 9 |  9.4
Polearms       | 3 5 6 |  6.6
Spellcasting   | 3 |  3.2
Dodging        | 5 |  5.6
Fighting       | 1 |  1.7
Summonings     | 1 |  1.6
Stealth        | |  2.1

Action                   |  1- 3 |  4- 6 |  7- 9 || total
-------------------------+-------+-------+-------++-------
Melee: Dagger            |    63 |       |       ||    63
       Spear             |       |   197 |   165 ||   362
       Trident           |       |       |   214 ||   214
Throw: Stone             |     7 |     1 |     4 ||    12
       Dart              |       |    12 |    24 ||    36
 Cast: Freeze            |    28 |    12 |     5 ||    45
       Frozen Ramparts   |     2 |    10 |    12 ||    24
       Ozocubu's Armour  |       |     3 |    16 ||    19
  Use: Potion            |       |     2 |     4 ||     6
       Scroll            |       |     5 |     2 ||     7
 Stab: Sleeping          |     3 |     4 |     5 ||    12
Armor: Robe              |    12 |    54 |   107 ||   173
Dodge: Dodged            |    53 |    99 |   200 ||   352

Table legend: (Time is in decaauts)
 A = Elapsed time spent in this place.
 B = Non-inter-level travel time spent in this place.
 C = Inter-level travel time spent in this place.
 D = Time resting spent in this place.
 E = Time spent auto-exploring this place.
 F = Levels seen in this place.
 G = Mean time per level.
                   A        B        C        D        E       F      G
               +--------+--------+--------+--------+--------+-----+--------+
         Total |   8128 |   7871 |    257 |   2097 |   4093 |   7 | 1161.1 |
       Dungeon |   7581 |   7324 |    257 |   1973 |   3977 |   6 | 1263.5 |
       Ossuary |    547 |    547 |      0 |    124 |    116 |   1 |  547.0 |
               +--------+--------+--------+--------+--------+-----+--------+

Top non-repeatable levels by time:
     D:1: 2108 daAuts
     D:5: 1921 daAuts
     D:2: 1502 daAuts
     D:4: 993 daAuts
     D:3: 833 daAuts
 Ossuary: 547 daAuts
     D:6: 222 daAuts
